 Dungeon Crawl Stone Soup version 0.20-a0-351-gc9b4002 (webtiles) character file.

7365 siimphh the Cleaver (level 11, -1/67 HPs)
             Began as a Gargoyle Fighter on Dec 25, 2016.
             Was a Priest of Trog.
             Killed from afar by a rime drake (24 damage)
             ... with a flash freeze
             ... on level 9 of the Dungeon.
             The game lasted 01:33:11 (9650 turns).

siimphh the Cleaver (Gargoyle Fighter)              Turns: 9650, Time: 01:33:11

Health: -1/67      AC: 30    Str: 23    XL:     11   Next: 14%
Magic:  11/11      EV: 10    Int:  9    God:    Trog [***...]
Gold:   413        SH: 13    Dex: 11    Spells: 10/10 levels left

rFire  . . .     SeeInvis .     w - +1 hand axe (holy)
rCold  . . .     Gourm    .     E - +2 plate armour
rNeg   + . .     Faith    .     v - +1 shield {AC+3}
rPois  ∞         Spirit   .     o - +0 helmet
rElec  +         Reflect  .     B - +0 cloak
rCorr  .         Harm     .     l - +1 pair of gloves
MR     .....                    (no boots)
Stlth  ..........               (no amulet)
                                y - +4 ring of evasion
                                g - ring of stealth

@: no status effects
A: thin skeletal structure 1, negative energy resistance 1, electricity
resistance, unbreathing, petrification resistance, rot immunity, AC +7
a: Berserk, Trog's Hand, Burn Spellbooks, Renounce Religion


You were on level 9 of the Dungeon.
You worshipped Trog.
Trog was most pleased with you.
You were not hungry.

You visited 2 branches of the dungeon, and saw 11 of its levels.

You collected 413 gold pieces.

Inventory:

Hand Weapons
 a - a +4 dire flail of holy wrath
 q - a +5 hand axe
 s - a +2 whip of electrocution
 w - a +1 hand axe of holy wrath (weapon)
 x - a +0 war axe
Armour
 b - a +3 leather armour of poison resistance
 l - a +1 pair of gloves (worn)
 o - a +0 helmet (worn)
 v - a +1 shield of protection (worn)
 z - a +1 robe of cold resistance
 B - a +0 cloak (worn)
 E - a +2 plate armour (worn)
Jewellery
 g - a ring of stealth (left hand)
 h - an uncursed ring of wizardry
 u - an uncursed ring of positive energy
 y - a +4 ring of evasion (right hand)
Wands
 p - a wand of lightning (10/15)
Scrolls
 e - 2 scrolls of blinking
 i - 6 scrolls of remove curse
 k - a scroll of magic mapping
 F - a scroll of teleportation
Potions
 d - a potion of might
 n - a potion of cancellation
 r - a potion of brilliance
 t - 3 potions of magic
 C - a potion of flight {unknown}
 D - a potion of curing
Miscellaneous
 G - a sack of spiders
Comestibles
 c - 2 fruits
 f - a beef jerky
 j - 6 meat rations
 m - 8 bread rations
 A - a slice of pizza


   Skills:
 + Level 7.3 Fighting
 + Level 10.5 Axes
 + Level 7.5 Armour
 + Level 1.9 Dodging
 + Level 1.4 Stealth
 + Level 10.0 Shields


You had 10 spell levels left.
You didn't know any spells.

Dungeon Overview and Level Annotations

Branches:
Dungeon (10/15)            Temple (1/1) D:6
   Lair: D:8-11         Orc: D:9-12

Altars:
Ashenzari
Cheibriados
Dithmenos
Elyvilon
Fedhas
Gozag
Hepliaklqana
Kikubaaqudgha
Makhleb
Nemelex Xobeh
Okawaru
Qazlal
Ru
Sif Muna
Trog
Uskayaw
Vehumet
Xom
Yredelemnul
Zin
The Shining One

Shops:
D:5 [   D:8 }


Innate Abilities, Weirdness & Mutations

You are resistant to torment.
Your stone body is resilient. (AC +7)
You are immune to poison.
You resist negative energy. (rN+)
You are resistant to electric shocks. (rElec)
You can survive without breathing.
You are immune to petrification.
You are immune to rotting.
You have a somewhat thin skeletal structure. (Dex +2, Stealth)


Message History

The rime drake bites you but does no damage.
The rime drake barely misses you.
You hit the rime drake.
The rime drake is severely wounded.
You closely miss the rime drake. You block the rime drake's attack.
The rime drake bites you but does no damage.
You hit the rime drake but do no damage.
The rime drake is severely wounded.
You slash the rime drake! You block the rime drake's attack. x2
You closely miss the rime drake.
The rime drake is severely wounded.
You completely miss the rime drake. The ice encasing you melts away.
You block the rime drake's attack.
You hit the rime drake.
The rime drake is almost dead.
You barely miss the rime drake. The rime drake breathes ice at you.
The flash freeze hits you!
You die...

####.........# #.# #####.#
#............## #.# #.....#
#.............###.# #.#####
#?............<...# #.#
#...........[.##### #.#####
#.............# #.....#
#.............## #####)#
#.......#####..# #.#
#.......#####.@##########.###
#.......##...kk[............#
#.......##.###.##############
##########.# #.#
#########.###.#
#.............#
#.#######.##### #.#######.#
#.........#


You could see 2 rime drakes.

Vanquished Creatures
  Pikel (D:6)
  The ghost of 4thArraOfDagon the Chopper, a novice DsFi of Gozag (D:7)
  A troll (D:9)
  Grinder (D:6)
  Prince Ribbit (D:8)
  2 hippogriffs (D:9)
  8 yaks
  A spriggan (D:7)
  2 hungry ghosts
  Edmund (D:6)
  A water moccasin (D:8)
  5 orc warriors
  4 ice beasts
  A sky beast (D:7)
  4 ogres
  A phantom (D:6)
  3 centaurs
  2 big kobolds
  6 bullfrogs
  2 scorpions (D:6)
  5 wights (D:6)
  3 crimson imps
  2 centaur skeletons (D:9)
  3 hounds
  7 orc priests
  A jelly (D:6)
  8 orc wizards
  2 bullfrog skeletons (D:6)
  Jessica (D:3)
  4 iguanas
  6 worker ants
  A howler monkey zombie (D:9)
  A worker ant zombie (D:5)
  7 gnolls (D:2)
  7 adders
  3 shadow imps
  An ooze (D:6)
  An adder skeleton (D:4)
  4 dart slugs
  2 worms
  4 leopard geckos
  42 orcs
  6 bats
  8 giant cockroaches
  6 goblins
  4 hobgoblins
  10 jackals
  5 quokkas
  2 ball pythons
  2 frilled lizards (D:1)
  A jackal skeleton (D:8)
  11 kobolds
  A leopard gecko skeleton (D:4)
  2 quokka skeletons
  8 rats
229 creatures vanquished.

Vanquished Creatures (others)
  2 slaves (D:6)
  A bullfrog (D:6)
  A crimson imp (D:6)
  A hound (D:6)
  An orc wizard (D:5)
6 creatures vanquished.

Grand Total: 235 creatures vanquished

Notes
Turn   | Place    | Note
-------+----------+-------------------------------------------
     0 | D:1      | siimphh the Gargoyle Fighter began the quest for the Orb.
     0 | D:1      | Reached XP level 1. HP: 14/14 MP: 1/1
    86 | D:1      | Reached XP level 2. HP: 17/19 MP: 2/2
   842 | D:2      | Reached XP level 3. HP: 23/23 MP: 3/3
  1207 | D:2      | Gained mutation: Your mind is acute. (Int +2) [potion of beneficial mutation]
  1758 | D:2      | Reached XP level 4. HP: 26/29 MP: 4/4
  1912 | D:2      | Reached XP level 5. HP: 12/33 MP: 5/5
  2406 | D:3      | Noticed Jessica
  2413 | D:3      | Killed Jessica
  2569 | D:3      | Found a white marble altar of Elyvilon.
  2848 | D:4      | Found an opulent altar of Gozag.
  2910 | D:4      | Reached XP level 6. HP: 35/38 MP: 6/6
  3911 | D:5      | Entered Level 5 of the Dungeon
  3927 | D:4      | Reached XP level 7. HP: 31/43 MP: 7/7
  4113 | D:4      | Reached skill level 5 in Axes
  4260 | D:5      | Found a glowing drain.
  4275 | D:5      | Reached skill level 5 in Shields
  4359 | D:5      | Found Xetarch's Antique Armour Shoppe.
  4393 | D:5      | Reached skill level 5 in Armour
  4788 | D:6      | Reached XP level 8. HP: 41/48 MP: 8/8
  4842 | D:6      | Found a staircase to the Ecumenical Temple.
  4854 | Temple   | Entered the Ecumenical Temple
  4986 | Temple   | Became a worshipper of Trog the Wrathful
  5184 | D:6      | Noticed Edmund
  5387 | D:5      | Lost mutation: Your mind is acute. (Int +2) [potion of cure mutation]
  5519 | D:6      | Noticed Grinder
  5543 | D:6      | Killed Grinder
  5543 | D:6      | Reached skill level 5 in Fighting
  5708 | D:6      | Reached skill level 1 in Dodging
  5748 | D:6      | Killed Edmund
  5748 | D:6      | Reached XP level 9. HP: 32/54 MP: 9/9
  5967 | D:6      | Reached * piety under Trog
  6070 | D:6      | Noticed Pikel
  6119 | D:6      | Killed Pikel
  6435 | D:7      | Found a deep blue altar of Sif Muna.
  6435 | D:7      | Noticed 4thArraOfDagon's ghost (novice DsFi)
  7013 | D:7      | Gained mutation: You have a somewhat thin skeletal structure. (Dex +2, Stealth) [mutagenic meat]
  7044 | D:7      | Reached ** piety under Trog
  7044 | D:7      | Reached XP level 10. HP: 59/60 MP: 10/10
  7340 | D:7      | HP: 3/61 [orc warrior/dire flail (7)]
  7724 | D:7      | Killed 4thArraOfDagon's ghost
  8067 | D:8      | Found Kicuw's Gadget Shop.
  8367 | D:8      | Reached skill level 1 in Stealth
  8422 | D:8      | Noticed Prince Ribbit
  8605 | D:7      | Reached *** piety under Trog
  8758 | D:8      | Killed Prince Ribbit
  8896 | D:8      | Reached skill level 10 in Axes
  9077 | D:9      | Reached XP level 11. HP: 67/67 MP: 11/11
  9496 | D:9      | Reached skill level 10 in Shields
  9615 | D:10     | Entered Level 10 of the Dungeon
  9619 | D:10     | Noticed a frost giant
  9650 | D:9      | Killed from afar by a rime drake

Vault maps used:
D:1:      saegor_arrival_simple_c
D:3:      elyvilon_altar_1, uniq_jessica
D:4:      first_bread, nicolae_gozag_seed_capital
D:5:      serial_shops, nicolae_shop_behind_doors, portal_sewer_entry_f
D:6:      minmay_opposing_rooms, uniq_pikel, uniq_grinder, uniq_edmund
D:7:      the_bakery, led_sif_pool
D:8:      serial_shops, nicolae_shop_waterfront, minmay_fountain_box,
          uniq_prince_ribbit1
D:10:     minmay_coctagon, serial_shops, shop
Temple:   minmay_crystal_snake_temple

Skill      XL: |  1  2  3  4  5  6  7  8  9 10 11 |
---------------+----------------------------------+-----
Axes           | 2 3 4 5 7 8 10 | 10.5
Shields        | 4 5 6 8 9 10 | 10.0
Armour         | 4 5 6 7 |  7.5
Fighting       | 4 5 6 7 |  7.3
Dodging        | 1 |  1.9
Stealth        | 1 |  1.4

Action                   |  1- 3 |  4- 6 |  7- 9 | 10-12 || total
-------------------------+-------+-------+-------+-------++-------
Melee: War axe           |   114 |   245 |    82 |       ||   441
       Hand axe          |       |       |   495 |   593 ||  1088
  Use: Scroll            |     3 |     1 |     6 |     4 ||    14
       Potion            |     3 |     1 |     3 |     4 ||    11
  Eat: Chunk             |     1 |     5 |     8 |     8 ||    22
       Bread ration      |     1 |       |     1 |     2 ||     4
Armor: Scale mail        |    49 |       |       |       ||    49
       Plate armour      |    32 |   216 |   242 |   204 ||   694
       Skin              |     3 |       |       |       ||     3
Dodge: Dodged            |    39 |    36 |   129 |   142 ||   346
Block: Shield            |    78 |   120 |   256 |   301 ||   755
